 Dungeon Crawl Stone Soup version 0.21-a0-33-g8b44e26 (webtiles) character file.

63 grindst0ne the Shield-Bearer (level 4, 0/37 HPs)
             Began as a Formicid Fighter on May 27, 2017.
             Succumbed to an adder's poison
             ... on level 2 of the Dungeon.
             The game lasted 00:02:49 (1284 turns).

grindst0ne the Shield-Bearer (Formicid Fighter)     Turns: 1284, Time: 00:02:49

Health: 0/37       AC:  6    Str: 21    XL:     4   Next: 31%
Magic:  4/4        EV: 13    Int:  7    God:
Gold:   44         SH: 10    Dex: 16    Spells: 3/3 levels left

rFire    . . .     SeeInvis +   a - +0 war axe
rCold    . . .     Gourm    .   c - +0 shield
rNeg     . . .     Faith    .   b - +0 scale mail
rPois    .         Spirit   .   (helmet unavailable)
rElec    .         Reflect  .   (no cloak)
rCorr    .         Harm     .   (no gloves)
MR       .....                  (no boots)
Stlth    +.........             (no amulet)
Regen    0.2/turn               (no ring)
MPRegen  0.1/turn               (no ring)

@: agile, lethally poisoned (0 -> -7)
A: permanent stasis, dig shafts and tunnels, four strong arms, antennae 3
a: Dig, Shaft Self


You were on level 2 of the Dungeon.
You were not hungry.

You visited 1 branch of the dungeon, and saw 2 of its levels.

You collected 44 gold pieces.

Inventory:

Hand Weapons
 a - a +0 war axe (weapon)
Armour
 b - a +0 scale mail (worn)
 c - a +0 shield (worn)
Scrolls
 e - a scroll of noise {unknown}
 i - 4 scrolls of remove curse {unknown}
 l - 2 scrolls of teleportation {unknown}
Potions
 d - a potion of might
 m - a potion of flight {unknown}
Comestibles
 f - a bread ration
 g - 6 chunks of flesh
 j - a royal jelly
 k - 2 fruits


   Skills:
 - Level 4.0 Fighting
 + Level 3.0 Axes
 - Level 3.2 Armour
 + Level 4.4 Shields


You had 3 spell levels left.
You didn't know any spells.

Dungeon Overview and Level Annotations

Branches:
Dungeon (2/15)

Altars:
Ashenzari
Ru
Trog
Zin


Innate Abilities, Weirdness & Mutations

You cannot be hasted, slowed, berserked, paralysed or teleported.
You can dig through walls and to a lower floor.
Your four strong arms can wield two-handed weapons with a shield.
You have a pair of large antennae on your head. (SInv)


Message History

* * * LOW HITPOINT WARNING * * *
You block the adder's attack.
Your shield and scale mail prevent you from hitting the adder.
The adder is lightly wounded.
You feel sick. The adder misses you. The adder bites you but does no damage.
You miss the adder.
The adder is lightly wounded.
You block the adder's attack. The adder barely misses you.
You feel sick.
You see here a rat corpse.
You block the adder's attack.
There is an open door here.
You feel sick.
You feel sick. The adder bites you.
* * * LOW HITPOINT WARNING * * *
You are more poisoned.
The adder poisons you!
It was a potion of agility.
You feel agile all of a sudden.
You die...

.....$.......#
#.#.....#
........†....#
#.#######
.............#
#.......#
...######'####
#.......# ## #.#
#.......# #.#
#.####### #.## #.#
#.S# #.# ##@# #.#
#.# #.# #.# #.# #
#.#####.##########
#..#............##
##.#............##
#..............##
##.............##
#..##+##########


You could see an adder.

Vanquished Creatures
  2 adders (D:2)
  An ooze (D:1)
  2 dart slugs
  A leopard gecko (D:1)
  2 bats (D:1)
  4 giant cockroaches (D:2)
  7 goblins
  2 hobgoblins (D:1)
  5 kobolds (D:1)
  4 frilled lizards
  8 rats
38 creatures vanquished.

Notes
Turn   | Place    | Note
-------+----------+-------------------------------------------
     0 | D:1      | grindst0ne the Formicid Fighter began the quest for the Orb.
     0 | D:1      | Reached XP level 1. HP: 18/18 MP: 1/1
   129 | D:1      | Reached XP level 2. HP: 24/24 MP: 2/2
   595 | D:1      | Reached XP level 3. HP: 30/30 MP: 3/3
  1038 | D:2      | Found a bloodstained altar of Trog.
  1039 | D:2      | Found a glowing silver altar of Zin.
  1039 | D:2      | Found a shattered altar of Ashenzari.
  1043 | D:2      | Found a sacrificial altar of Ru.
  1197 | D:2      | Reached XP level 4. HP: 27/37 MP: 4/4
  1282 | D:2      | HP: 1/37 [adder (2)]
  1284 | D:2      | Succumbed to an adder's poison

Vault maps used:
D:1:      lightli_arrival_lavapool
D:2:      chequers_temple_overflow_statue_of_worship

Skill      XL: |  1  2  3  4 |
---------------+-------------+-----
Fighting       | 4 |  4.0
Shields        | 4 |  4.4
Axes           | 3 |  3.0
Armour         | |  3.2

Action                   |  1- 3 |  4- 6 || total
-------------------------+-------+-------++-------
Melee: War axe           |    93 |    24 ||   117
  Use: Potion            |       |     1 ||     1
  Eat: Chunk             |     1 |       ||     1
Armor: Scale mail        |    41 |    16 ||    57
Dodge: Dodged            |    31 |     9 ||    40
Block: Shield            |    44 |    15 ||    59
